 Dungeon Crawl Stone Soup version 0.29.0 (webtiles) character file.

Game seed: 5847761581578375577

123 Jonnyslop the Poker (level 5, -2/32 HPs)
             Began as a Gargoyle Gladiator on Sept 9, 2022.
             Slain by Sigmund
             ... wielding a +0 scythe
              (4 damage)
             ... on level 2 of the Dungeon on Sept 10, 2022.
             The game lasted 00:07:15 (2213 turns).

Jonnyslop the Poker (Gargoyle Gladiator)            Turns: 2213, Time: 00:07:15

Health: -2/32      AC: 13    Str: 19    XL:     5   Next: 7%
Magic:  5/5        EV:  7    Int:  9    God:
Gold:   111        SH:  0    Dex: 11    Spells: 4/4 levels left

rFire   . . .      SeeInvis .   b - +0 glaive
rCold   . . .      Faith    .   (shield currently unavailable)
rNeg    + . .      Spirit   .   k - +0 chain mail
rPois   ∞          Reflect  .   c - +0 helmet
rElec   +          Harm     .   (no cloak)
rCorr   .          Rampage  .   (no gloves)
Will    .....                   (no boots)
Stlth   ..........              (no amulet)
HPRegen 0.10/turn               (no ring)
MPRegen 0.09/turn               (no ring)

@: confused
A: sickness immunity, AC +4, negative energy resistance 1, electricity
resistance, torment resistance 1, petrification resistance
a: no special abilities


You were on level 2 of the Dungeon.
You visited 1 branch of the dungeon, and saw 2 of its levels.

You collected 155 gold pieces.
You spent 44 gold pieces at shops.

Inventory:

Hand Weapons
 a - a +0 trident
 b - a +0 glaive (weapon)
Missiles
 d - 3 throwing nets
 e - 11 javelins (quivered)
Armour
 c - a +0 helmet (worn)
 k - a +0 chain mail (worn)
Scrolls
 f - 2 scrolls of identify
 g - a scroll of poison
 i - a scroll of torment {unknown}
 j - a scroll of fog {unknown}


   Skills:
 + Level 3.5 Fighting
 * Level 4.3 Polearms
 - Level 1.9 Throwing
 - Level 2.5 Dodging


You had 4 spell levels left.
You didn't know any spells.
Your spell library contained the following spells:

 Spells                   Type           Power      Damage    Failure   Level
 Confusing Touch          Hex            0%         N/A       100%        3
 Yara's Violent Unravell  Hex/Tmut       0%         3d3       100%        5
 Enfeeble                 Hex            0%         N/A       100%        7


Dungeon Overview and Level Annotations

Branches:
Dungeon (2/15)

Altars:

Shops:
D:1 ?   D:2 (

Annotations:
D:2 Sigmund


Innate Abilities, Weirdness & Mutations

You are immune to sickness and miasma.
Your stone body is resilient. (AC +4)
You are immune to poison.
You resist negative energy. (rN+)
You are resistant to electric shocks. (rElec)
You are resistant to unholy torment.
You are immune to petrification.


Message History

Something hits you.
* * * LOW HITPOINT WARNING * * *
You're too confused to aim your attacks!
Something hits you but does no damage.
You're too confused to aim your attacks!
You're too confused to aim your attacks!
You're too confused to aim your attacks!
Something hits you but does no damage.
You bump into the rock wall.
You miss something. Something hits you but does no damage.
You bump into the rock wall.
Something hits you.
* * * LOW HITPOINT WARNING * * *
You completely miss something.
You feel less confused. Something completely misses you.
You miss something.
You hear some strange, mumbled words.
You are confused.
Something hits you.
* * * LOW HITPOINT WARNING * * *
You're too confused to aim your attacks!
You bump into the rock wall.
Something hits you but does no damage.
Sigmund appears from thin air!
Reactivating autopickup.
You're too confused to aim your attacks!
You bump into the rock wall.
Sigmund gestures wildly while chanting.
Sigmund flickers and vanishes!
Deactivating autopickup; reactivate with Ctrl-A.
You bump into the rock wall.
Something hits you but does no damage.
You hear some strange, mumbled words.
You are more confused.
You're too confused to aim your attacks!
You're too confused to move!
You're too confused to aim your attacks!
Something hits you but does no damage.
You barely miss something.
The ball python bites you but does no damage.
The ball python barely misses you. Something hits you.
You die...

#.# #.......).# #.#
#..#....#.# #.# ##..#....#.#
########.# #........#.#####
#........### #..##..........#
##.#####......#..####..#.###.#
...# #.####.#..#............
#### #.#.......S.##..#.###..
#.#.##.#.@.......... #.#
#.......##.### #..
######.....# ### #.##### #.#
#.#


You could see a ball python.

Vanquished Creatures
  Terence (D:2)
  4 adders
  A dart slug (D:1)
  An orc (D:2)
  6 ball pythons (D:1)
  5 endoplasms
  2 giant cockroaches (D:1)
  12 goblins
  3 hobgoblins (D:1)
  3 jackals (D:2)
  6 bats
  4 kobolds
  8 rats
56 creatures vanquished.

Notes
Turn   | Place    | Note
-------+----------+-------------------------------------------
     0 | D:1      | Jonnyslop the Gargoyle Gladiator began the quest for the
                  | Orb.
     0 | D:1      | Reached XP level 1. HP: 12/12 MP: 1/1
   440 | D:1      | Reached XP level 2. HP: 18/18 MP: 2/2
   535 | D:1      | Reached skill level 3 in Polearms
   786 | D:1      | Found Zohu's Magic Scroll Shoppe.
   797 | D:1      | Reached XP level 3. HP: 21/22 MP: 3/3
   815 | D:1      | Bought a scroll of identify for 22 gold pieces
   815 | D:1      | Bought a scroll of identify for 22 gold pieces
  1661 | D:1      | Reached XP level 4. HP: 23/28 MP: 4/4
  1828 | D:2      | Found Tyas's Antique Weapon Emporium.
  2127 | D:2      | Noticed Terence
  2136 | D:2      | Killed Terence
  2137 | D:2      | Reached skill level 4 in Polearms
  2162 | D:2      | Reached XP level 5. HP: 32/32 MP: 5/5
  2168 | D:2      | Noticed Sigmund
  2203 | D:2      | HP: 1/32 [something (4)]
  2213 | D:2      | Slain by Sigmund

Illustrated notes

Levels and vault maps discovered:
D:1:      dpeg_arrival_subterranean_lakeside_camping, layout_basic,
          serial_shops, nicolae_shop_trees, chequers_serial_rivers_marsh,
          lemuel_flame_loot_1
D:2:      layout_loops_cross, serial_shops, nicolae_shop_crystal, uniq_sigmund,
          uniq_terence, uniq_jessica

Skill      XL: |  1  2  3  4 |
---------------+-------------+-----
Polearms       | 3 4 |  4.3
Fighting       | 3 |  3.5
Throwing       | |  1.9
Dodging        | |  2.5

Action                   |  1- 3 |  4- 6 || total
-------------------------+-------+-------++-------
Melee: Trident           |   131 |    56 ||   187
       Punch             |     1 |       ||     1
       Glaive            |       |     8 ||     8
  Use: Scroll            |     1 |     1 ||     2
       Potion            |       |     1 ||     1
Armor: Leather armour    |    53 |    10 ||    63
       Chain mail        |       |    38 ||    38
Dodge: Dodged            |    68 |    23 ||    91
